 Dungeon Crawl Stone Soup version 0.24-a0-246-gb963c9a (webtiles) character file.

Game seed: 742479941887050924

23 MatthieuS the Skirmisher (level 2, -2/25 HPs)
             Began as a Demonspawn Wanderer on Apr 12, 2019.
             Was an Initiate of Cheibriados.
             Slain by a gnoll
             ... wielding a cursed -2 spear
              (3 damage)
             ... on level 1 of the Dungeon.
             The game lasted 00:01:35 (935 turns).

MatthieuS the Skirmisher (Demonspawn Wanderer)       Turns: 935, Time: 00:01:35

Health: -2/25      AC:  5    Str: 15    XL:     2   Next: 72%
Magic:  3/3        EV:  9    Int: 13    God:    Cheibriados [......]
Gold:   51         SH:  3    Dex: 12    Spells: 1/1 levels left

rFire    + . .     SeeInvis .   a - +0 dagger
rCold    . . .     Gourm    .   g - +0 buckler
rNeg     . . .     Faith    .   d - +0 ring mail
rPois    .         Spirit   .   (no helmet)
rElec    .         Reflect  .   (no cloak)
rCorr    .         Harm     .   (no gloves)
MR       .....                  (no boots)
Stlth    +.........             (no amulet)
HPRegen  0.08/turn              (no ring)
MPRegen  0.08/turn              (no ring)

@: very slow
A: fire resistance 1
a: Bend Time, Renounce Religion


You were on level 1 of the Dungeon.
You worshipped Cheibriados.
Cheibriados was noncommittal.
You were hungry.

You visited 1 branch of the dungeon, and saw 2 of its levels.

You collected 51 gold pieces.

Inventory:

Hand Weapons
 a - a +0 dagger (weapon)
   (You took it off a kobold on level 1 of the Dungeon)
Missiles
 h - 9 arrows
Armour
 d - a +0 ring mail (worn)
 g - a +0 buckler (worn)
   (You found it on level 1 of the Dungeon)
Scrolls
 b - 4 scrolls of teleportation {unknown}
 i - a scroll of noise {unknown}
 j - a scroll of remove curse {unknown}
Comestibles
 e - 3 rations


   Skills:
 + Level 4.0 Fighting
   Level 1.0 Maces & Flails
   Level 1.0 Bows
 - Level 2.6 Armour
   Level 2.0 Evocations


You had one spell level left.
You didn't know any spells.
Your spell library was empty.

Dungeon Overview and Level Annotations

Branches:
Dungeon (2/15)

Altars:
Cheibriados


Innate Abilities, Weirdness & Mutations

Your flesh is heat resistant. (rF+)


Message History

You see here a +0 club.
All of the chunks of flesh in your inventory have rotted away.
You see here a short sword.
You open the door.
Done exploring.
Done exploring.
You see here a short sword.
You see here 28 stones.
There is a snail-covered altar of Cheibriados here.
There is a stone staircase leading down here.
You climb downwards. 3 gnolls come into view.
The gnoll shouts! x3; You hear an angry hiss.
Found a stone staircase leading up.
There is a stone staircase leading up here.
The gnoll hits you from afar with a +0 halberd!
Ouch! That really hurt!
* * * LOW HITPOINT WARNING * * *
The gnoll closely misses you.
You climb upwards.
There is a stone staircase leading down here.
Unknown command.
Unknown command.
You hit the gnoll.
The gnoll hits you with a cursed -2 spear.
* * * LOW HITPOINT WARNING * * *
You are feeling hungry.
You completely miss the gnoll. The gnoll barely misses you.
Unknown command.
You hit the gnoll but do no damage. You block the gnoll's attack.
You hit the gnoll. The gnoll closely misses you.
Unknown command.
You barely miss the gnoll. The gnoll barely misses you.
Unknown command.
You hit the gnoll but do no damage. The gnoll misses you.
Unknown command.
You hit the gnoll but do no damage. The gnoll hits you but does no damage.
Unknown command.
You hit the gnoll but do no damage.
The gnoll hits you with a cursed -2 spear.
* * * LOW HITPOINT WARNING * * *
You hit the gnoll.
The gnoll hits you with a cursed -2 spear.
* * * LOW HITPOINT WARNING * * *
You hit the gnoll.
The gnoll hits you with a cursed -2 spear.
* * * LOW HITPOINT WARNING * * *
You barely miss the gnoll.
The gnoll hits you with a cursed -2 spear.
You die...

#.........##.# #.# #.#
.......##.##.# #.#
###)### #.####.##.##.#
#.# #.....# #.#
##.##.##.# #.# #.....#
#.# #....#...# #.#
#......
#.###...#.#########.#
#.....# ..........#
#.......# #.....#
..####..#.# #.##....#
#######
>.####..#.###.##@##.##
.........)#.....g....#
#.#####.###.#.##.##..#
..#.....# #.#.##(##..#
###.##### #.#........#
#.#
#.####.###.############
#.#
###.####.###.............
##.##
#.....##........#########
#...####.....######....#
##


You could see a gnoll.

Vanquished Creatures
  A gnoll (D:1)
  A leopard gecko (D:1)
  A hobgoblin (D:1)
  3 kobolds (D:1)
  2 bats (D:1)
  A goblin (D:1)
  4 rats (D:1)
13 creatures vanquished.

Notes
Turn   | Place    | Note
-------+----------+-------------------------------------------
     0 | D:1      | MatthieuS the Demonspawn Wanderer began the quest for the
                  | Orb.
     0 | D:1      | MatthieuS set off with the following items: a +2 shortbow,
                  | 28 arrows, a potion of lignification {!q}, a +0 ring mail,
                  | a ration
     0 | D:1      | Reached XP level 1. HP: 18/18 MP: 2/2
   269 | D:1      | Found a snail-covered altar of Cheibriados.
   282 | D:1      | Gained mutation: Your flesh is heat resistant. (rF+)
                  | [demonic ancestry]
   282 | D:1      | Reached XP level 2. HP: 19/24 MP: 3/3
   300 | D:1      | Became a worshipper of Cheibriados the Contemplative
   611 | D:1      | Reached skill level 4 in Fighting
   934 | D:1      | HP: 1/25 [gnoll/cursed -2 spear (3)]
   935 | D:1      | Slain by a gnoll

Levels and vault maps discovered:
D:1:      dpeg_arrival_erosion, layout_loops_ring, cheibriados_altar_1
D:2:      minmay_roachtagon, layout_rooms, lemuel_doored_altar,
          lemuel_round_altar, first_ration, nicolae_ru_sacrificial_ziggurat,
          uniq_terence

Skill      XL: |  1  2 |
---------------+-------+-----
Fighting       | 4 |  4.0
Maces & Flails | |  1.0
Bows           | |  1.0
Armour         | |  2.6
Evocations     | |  2.0

Action                   || total
-------------------------++-------
Melee: Dagger            ||    65
       Unarmed           ||    15
  Use: Potion            ||     1
Armor: Ring mail         ||    30
       Skin              ||     5
Dodge: Dodged            ||    36
Block: Buckler           ||     7

Table legend:
 A = Non-vault XP
 B = Vault XP
 C = Vault XP percentage of total XP
 D = Non-vault monster count
 E = Vault monster count
 F = Vault count percentage of total count
                 A         B        C        D         E       F
            +---------+---------+-------+---------+---------+-------
      Total |      33 |       0 |   0.0 |      13 |       0 |   0.0
            +---------+---------+-------+---------+---------+-------
        D:1 |      33 |       0 |   0.0 |      13 |       0 |   0.0
            +---------+---------+-------+---------+---------+-------
